[Event "Philip Hogarty Memorial IM 2019"]
[Site "Stillorgan"]
[Date "2019.01.04"]
[Round "4"]
[White "Wall, Gavin"]
[Black "Greet, Andrew N"]
[Result "0-1"]
[ECO "C02"]
[WhiteElo "2330"]
[BlackElo "2420"]
[Annotator "NA"]
[PlyCount "92"]
[EventDate "2019.01.02"]
[EventType "tourn"]
[EventCountry "IRL"]
[SourceTitle "playchess.com"]
[Source "ChessBase"]
[SourceQuality "1"]
[TimeControl "5400+30"]

1. e4 e6 2. d4 d5 3. e5 c5 4. c3 Qb6 5. Nf3 Nc6 6. a3 Nh6 7. b4 cxd4 8. cxd4 Nf5 9. Bb2 Bd7 10. Be2 Be7 11. O-O h5 12. b5 Na5 13. Nc3 Rc8 14. Na4 Qd8 15. Nd2 b6 16. Rc1 Bg5 17. Rxc8 Qxc8 18. Nf3 Bh6 19. Bc1 Bxc1 20. Qxc1 Qxc1 21. Rxc1 Kd8 22. Rc3 Nc4 23. Bxc4 dxc4 24. Rxc4 Bxb5 25. Rb4 Bc6 26. Nc3 Bxf3 27. gxf3 Kd7 28. d5 Rc8 29. dxe6+ Kxe6 30. Ne4 Rc2 31. f4 f6 32. exf6 gxf6 33. a4 Nd6 34. Nxd6 Kxd6 35. Kg2 Kc6 36. Kg3 a5 37. Re4 Kd5 38. f3 Rc4 39. Kh4 Rxe4 40. fxe4+ Kxe4 41. Kxh5 b5 42. axb5 Kd5 43. b6 Kc6 44. Kg6 a4 45. h4 a3 46. h5 f5 0-1

[Event "Philip Hogarty Memorial IM 2019"]
[Site "Stillorgan"]
[Date "2019.01.04"]
[Round "4"]
[White "Sodoma, Jan"]
[Black "Melaugh, Shane"]
[Result "1-0"]
[ECO "D47"]
[WhiteElo "2324"]
[BlackElo "2169"]
[Annotator "NA"]
[PlyCount "89"]
[EventDate "2019.01.02"]
[EventType "tourn"]
[EventCountry "IRL"]
[SourceTitle "playchess.com"]
[Source "ChessBase"]
[SourceQuality "1"]
[TimeControl "5400+30"]

1. Nf3 d5 2. d4 Nf6 3. c4 e6 4. Nc3 c6 5. e3 Be7 6. Bd3 Nbd7 7. e4 dxc4 8. Bxc4 b5 9. Bd3 Bb7 10. O-O a6 11. e5 Nd5 12. Nxd5 cxd5 13. g3 O-O 14. h4 f6 15. exf6 Nxf6 16. Ng5 Bc8 17. Re1 Qb6 18. Bf4 Bb4 19. Re3 h6 20. a3 e5 21. dxe5 Ng4 22. Nh3 Nxe3 23. Bxe3 Bc5 24. Bxc5 Qxc5 25. Nf4 Bf5 26. Bxf5 Rxf5 27. Rc1 Qa7 28. Qxd5+ Kh8 29. Qe4 Raf8 30. h5 Kg8 31. Rc6 Qd7 32. Rd6 Rxf4 33. gxf4 Qg4+ 34. Kf1 Rc8 35. Qd5+ Kh7 36. Qd3+ Kg8 37. Rd8+ Rxd8 38. Qxd8+ Kh7 39. Qd3+ Kg8 40. Qd5+ Kh7 41. e6 Qxf4 42. e7 Qc1+ 43. Kg2 Qe1 44. Qf5+ Kg8 45. Qf8+ 1-0

[Event "Philip Hogarty Memorial IM 2019"]
[Site "Stillorgan"]
[Date "2019.01.04"]
[Round "4"]
[White "Brady, Stephen"]
[Black "Delaney, Killian"]
[Result "1/2-1/2"]
[ECO "B17"]
[WhiteElo "2314"]
[BlackElo "2201"]
[Annotator "NA"]
[PlyCount "50"]
[EventDate "2019.01.02"]
[EventType "tourn"]
[EventCountry "IRL"]
[SourceTitle "playchess.com"]
[Source "ChessBase"]
[SourceQuality "1"]
[TimeControl "5400+30"]

1. e4 c6 2. d4 d5 3. Nd2 dxe4 4. Nxe4 Nd7 5. Ng5 Ngf6 6. Bd3 e6 7. N1f3 Bd6 8. Qe2 h6 9. Ne4 Nxe4 10. Qxe4 Nf6 11. Qh4 Rg8 12. Ne5 Bxe5 13. dxe5 Qa5+ 14. c3 Qxe5+ 15. Be3 Nd5 16. O-O-O Nxe3 17. fxe3 Bd7 18. Rhf1 g5 19. Qf2 Rf8 20. Qf6 Qxf6 21. Rxf6 Ke7 22. Rxh6 Rh8 23. Rxh8 Rxh8 24. h3 e5 25. Rf1 g4 1/2-1/2

[Event "Philip Hogarty Memorial IM 2019"]
[Site "Stillorgan"]
[Date "2019.01.04"]
[Round "4"]
[White "De Verdier, Michael"]
[Black "O`Gorman, Tom"]
[Result "1/2-1/2"]
[ECO "A36"]
[WhiteElo "2277"]
[BlackElo "2153"]
[Annotator "NA"]
[PlyCount "49"]
[EventDate "2019.01.02"]
[EventType "tourn"]
[EventCountry "IRL"]
[SourceTitle "playchess.com"]
[Source "ChessBase"]
[SourceQuality "1"]
[TimeControl "5400+30"]

1. c4 c5 2. g3 g6 3. Bg2 Bg7 4. Nc3 Nc6 5. a3 d6 6. Rb1 a5 7. d3 e5 8. e3 Nge7 9. Nge2 O-O 10. O-O Be6 11. Nd5 Bxd5 12. cxd5 Nb8 13. b4 axb4 14. axb4 b6 15. Qb3 Nd7 16. Bd2 Qc7 17. Rfc1 Rfb8 18. d4 Qa7 19. Nc3 cxd4 20. exd4 b5 21. Ne4 Nf5 22. dxe5 Nxe5 23. Bc3 Qb6 24. Ra1 Rxa1 25. Bxa1 1/2-1/2

[Event "Philip Hogarty Memorial IM 2019"]
[Site "Stillorgan"]
[Date "2019.01.04"]
[Round "4"]
[White "Nilssen, Ellen Fredericia"]
[Black "Li, Henry"]
[Result "0-1"]
[ECO "E75"]
[WhiteElo "2181"]
[BlackElo "2193"]
[Annotator "NA"]
[PlyCount "86"]
[EventDate "2019.01.02"]
[EventType "tourn"]
[EventCountry "IRL"]
[SourceTitle "playchess.com"]
[Source "ChessBase"]
[SourceQuality "1"]
[TimeControl "5400+30"]

1. d4 Nf6 2. c4 g6 3. Nc3 Bg7 4. e4 O-O 5. Be2 d6 6. Bg5 c5 7. d5 e6 8. Qd2 exd5 9. exd5 Qb6 10. Nf3 Bf5 11. O-O Ne4 12. Nxe4 Bxe4 13. Bh6 Bxh6 14. Qxh6 Bxf3 15. Bxf3 Qxb2 16. Qf4 Qb6 17. h4 Nd7 18. h5 Rae8 19. g3 Re5 20. Kg2 Qd8 21. Rab1 b6 22. Rh1 Qg5 23. Qxg5 Rxg5 24. a4 Re5 25. a5 bxa5 26. hxg6 hxg6 27. Ra1 Nb6 28. Rxa5 Nxc4 29. Rxa7 Rfe8 30. Rd1 Re1 31. Rxe1 Rxe1 32. Ra4 Nb6 33. Ra6 Rb1 34. Be4 Rb4 35. Bf3 Kg7 36. Be2 g5 37. Bh5 Kf6 38. f4 gxf4 39. gxf4 Kf5 40. Kg3 Rb3+ 41. Bf3 Nc4 42. Ra2 Rd3 43. Rh2 Nd2 0-1

[Event "Philip Hogarty Memorial IM 2019"]
[Site "Stillorgan"]
[Date "2019.01.05"]
[Round "5"]
[White "Greet, Andrew N"]
[Black "Nilssen, Ellen Fredericia"]
[Result "1-0"]
[ECO "A48"]
[WhiteElo "2420"]
[BlackElo "2181"]
[Annotator "NA"]
[PlyCount "75"]
[EventDate "2019.01.02"]
[EventType "tourn"]
[EventCountry "IRL"]
[SourceTitle "playchess.com"]
[Source "ChessBase"]
[SourceQuality "1"]
[TimeControl "5400+30"]

1. d4 Nf6 2. Nf3 g6 3. Nbd2 c5 4. c3 cxd4 5. cxd4 d5 6. e3 Bg7 7. Bd3 O-O 8. O-O Nc6 9. a3 Nd7 10. Be2 e5 11. dxe5 Ndxe5 12. Nxe5 Nxe5 13. Nf3 Nxf3+ 14. Bxf3 d4 15. exd4 Qxd4 16. Qxd4 Bf6 17. Qe5 Bxe5 18. Rd1 Bg7 19. a4 Bf5 20. g4 Be6 21. Be3 a5 22. h3 Rfd8 23. Bxb7 Bb3 24. Rxd8+ Rxd8 25. Bc6 Bd4 26. Re1 Kg7 27. Re2 Be5 28. Bb6 Rd1+ 29. Kg2 Bd5+ 30. Bxd5 Rxd5 31. Rxe5 Rxe5 32. Bd4 f6 33. Bxe5 fxe5 34. Kf3 Kf7 35. Ke4 Ke6 36. g5 Kd6 37. Kd3 Kd5 38. f3 1-0

[Event "Philip Hogarty Memorial IM 2019"]
[Site "Stillorgan"]
[Date "2019.01.05"]
[Round "5"]
[White "Delaney, Killian"]
[Black "De Verdier, Michael"]
[Result "1/2-1/2"]
[ECO "C10"]
[WhiteElo "2201"]
[BlackElo "2277"]
[Annotator "NA"]
[PlyCount "26"]
[EventDate "2019.01.02"]
[EventType "tourn"]
[EventCountry "IRL"]
[SourceTitle "playchess.com"]
[Source "ChessBase"]
[SourceQuality "1"]
[TimeControl "5400+30"]

1. e4 e6 2. d4 d5 3. Nd2 dxe4 4. Nxe4 Nd7 5. Bd3 Ngf6 6. Nf3 c5 7. Nxf6+ Nxf6 8. dxc5 Bxc5 9. Qe2 O-O 10. Bg5 Qa5+ 11. c3 Nd5 12. O-O Qc7 13. Rfd1 Nf4 1/2-1/2

[Event "Philip Hogarty Memorial IM 2019"]
[Site "Stillorgan"]
[Date "2019.01.05"]
[Round "5"]
[White "Li, Henry"]
[Black "Brady, Stephen"]
[Result "1-0"]
[ECO "B09"]
[WhiteElo "2193"]
[BlackElo "2314"]
[Annotator "NA"]
[PlyCount "67"]
[EventDate "2019.01.02"]
[EventType "tourn"]
[EventCountry "IRL"]
[SourceTitle "playchess.com"]
[Source "ChessBase"]
[SourceQuality "1"]
[TimeControl "5400+30"]

1. e4 d6 2. d4 Nf6 3. Nc3 g6 4. f4 Bg7 5. Nf3 O-O 6. e5 dxe5 7. fxe5 Nd5 8. Bc4 Nb6 9. Bb3 Nc6 10. O-O Na5 11. Qe2 Bg4 12. Be3 Nxb3 13. axb3 f6 14. exf6 exf6 15. h3 Bxf3 16. Qxf3 Re8 17. Bf2 c6 18. Rfe1 Rxe1+ 19. Rxe1 f5 20. d5 Nxd5 21. Rd1 Qc7 22. Nxd5 cxd5 23. Qxd5+ Kh8 24. Qd7 Qxc2 25. Re1 Qc6 26. Qf7 Rf8 27. Qe7 a5 28. Kh1 Qd5 29. Re6 Qd2 30. Bg1 f4 31. Rd6 Qc1 32. Rd7 Rg8 33. Kh2 f3 34. Qxg7+ 1-0

[Event "Philip Hogarty Memorial IM 2019"]
[Site "Stillorgan"]
[Date "2019.01.05"]
[Round "5"]
[White "Melaugh, Shane"]
[Black "Wall, Gavin"]
[Result "0-1"]
[ECO "C41"]
[WhiteElo "2169"]
[BlackElo "2330"]
[Annotator "NA"]
[PlyCount "46"]
[EventDate "2019.01.02"]
[EventType "tourn"]
[EventCountry "IRL"]
[SourceTitle "playchess.com"]
[Source "ChessBase"]
[SourceQuality "1"]
[TimeControl "5400+30"]

1. Nf3 d6 2. e4 e5 3. d4 exd4 4. Nxd4 Nf6 5. Nc3 Be7 6. Be2 O-O 7. Be3 Re8 8. h3 Bf8 9. Qd3 Na6 10. f3 c5 11. Ndb5 d5 12. exd5 Nb4 13. Qd2 Rxe3 14. a3 Nbxd5 15. Nxd5 Nxd5 16. O-O-O Qe7 17. Bd3 a6 18. Be4 axb5 19. Qxd5 b4 20. Kd2 Be6 21. Qxb7 Qg5 22. h4 Rd8+ 23. Kc1 Re1+ 0-1

[Event "Philip Hogarty Memorial IM 2019"]
[Site "Stillorgan"]
[Date "2019.01.04"]
[Round "5"]
[White "O`Gorman, Tom"]
[Black "Sodoma, Jan"]
[Result "0-1"]
[ECO "C96"]
[WhiteElo "2153"]
[BlackElo "2324"]
[Annotator "ChessBase"]
[PlyCount "124"]
[EventDate "2019.01.02"]
[EventType "tourn"]
[EventCountry "IRL"]
[SourceTitle "playchess.com"]
[Source "ChessBase"]
[SourceQuality "1"]
[TimeControl "5400+30"]

1. e4 e5 2. Nf3 Nc6 3. Bb5 a6 4. Ba4 Nf6 5. O-O Be7 6. Re1 b5 7. Bb3 O-O 8. c3 d6 9. h3 Na5 10. Bc2 c5 11. d4 Nd7 12. Nbd2 exd4 13. cxd4 Re8 14. Nf1 Bb7 15. Ng3 g6 16. d5 Nc4 17. Nh2 Bh4 18. Ng4 Nce5 19. Nh6+ Kh8 20. Qd2 Qe7 21. Kh2 Qf8 22. Ng4 Nxg4+ 23. hxg4 f6 24. Qh6 Qxh6 25. Bxh6 Ne5 26. Kh3 Bxg3 27. Kxg3 g5 28. f4 gxf4+ 29. Bxf4 Rg8 30. Bxe5 fxe5 31. Bd1 Raf8 32. Rh1 Rg6 33. Bf3 Bc8 34. Rh5 h6 35. b4 Rf4 36. bxc5 Bxg4 37. Bxg4 Rfxg4+ 38. Kh3 Rg3+ 39. Kh2 Rxg2+ 40. Kh1 dxc5 41. Rd1 R2g5 42. Rxg5 Rxg5 43. d6 Rg8 44. Rd5 Rd8 45. Rxe5 Rxd6 46. Rxc5 Kg7 47. Kg2 Rd2+ 48. Kf3 Rxa2 49. Kf4 b4 50. Rc7+ Kf8 51. Rb7 a5 52. Kf5 h5 53. Kf6 Rf2+ 54. Kg5 h4 55. Kxh4 Rf4+ 56. Kg5 Rxe4 57. Kf6 Ke8 58. Ra7 b3 59. Rxa5 Rb4 60. Ra1 b2 61. Rb1 Kd7 62. Ke5 Kc6 0-1

[Event "Philip Hogarty Memorial IM 2019"]
[Site "Stillorgan"]
[Date "2019.01.05"]
[Round "6"]
[White "Sodoma, Jan"]
[Black "Wall, Gavin"]
[Result "1/2-1/2"]
[ECO "A81"]
[WhiteElo "2324"]
[BlackElo "2330"]
[Annotator "NA"]
[PlyCount "46"]
[EventDate "2019.01.02"]
[EventType "tourn"]
[EventCountry "IRL"]
[SourceTitle "playchess.com"]
[Source "ChessBase"]
[SourceQuality "1"]
[TimeControl "5400+30"]

1. d4 f5 2. g3 Nf6 3. Bg2 g6 4. b3 Bg7 5. Bb2 O-O 6. Nd2 d6 7. Ngf3 Nc6 8. O-O Qe8 9. Re1 e5 10. dxe5 dxe5 11. e4 f4 12. b4 fxg3 13. fxg3 Qe7 14. a3 a5 15. c3 Bh6 16. Qe2 Be6 17. Kh1 Ng4 18. Nf1 Qf7 19. Bc1 Bc4 20. Qb2 Bxc1 21. Raxc1 Bxf1 22. Rxf1 Qc4 23. Rfe1 Kh8 1/2-1/2

[Event "Philip Hogarty Memorial IM 2019"]
[Site "Stillorgan"]
[Date "2019.01.05"]
[Round "6"]
[White "De Verdier, Michael"]
[Black "Li, Henry"]
[Result "1-0"]
[ECO "E70"]
[WhiteElo "2277"]
[BlackElo "2193"]
[Annotator "NA"]
[PlyCount "77"]
[EventDate "2019.01.02"]
[EventType "tourn"]
[EventCountry "IRL"]
[SourceTitle "playchess.com"]
[Source "ChessBase"]
[SourceQuality "1"]
[TimeControl "5400+30"]

1. c4 Nf6 2. Nc3 g6 3. e4 d6 4. d4 Bg7 5. Bd3 O-O 6. Nge2 Nc6 7. O-O e5 8. d5 Nd4 9. Nxd4 exd4 10. Ne2 Re8 11. f3 c5 12. Bg5 a6 13. Qd2 Rb8 14. Ng3 b5 15. b3 Qb6 16. Rab1 Nd7 17. f4 Bf6 18. Bxf6 Nxf6 19. h3 Qc7 20. Rbe1 Nd7 21. e5 dxe5 22. f5 Qd8 23. Qh6 Rb6 24. d6 e4 25. Nxe4 Rxe4 26. fxg6 hxg6 27. Rxe4 Qf8 28. Qf4 Rxd6 29. Rfe1 Nf6 30. Re7 Rb6 31. g4 b4 32. Qe5 Bxg4 33. hxg4 Nxg4 34. Qxc5 Re6 35. R1xe6 fxe6 36. Qxd4 Qxe7 37. Qxg4 g5 38. Kg2 Qf6 39. Qe4 1-0

[Event "Philip Hogarty Memorial IM 2019"]
[Site "Stillorgan"]
[Date "2019.01.05"]
[Round "6"]
[White "Nilssen, Ellen Fredericia"]
[Black "Melaugh, Shane"]
[Result "0-1"]
[ECO "A85"]
[WhiteElo "2181"]
[BlackElo "2169"]
[Annotator "NA"]
[PlyCount "82"]
[EventDate "2019.01.02"]
[EventType "tourn"]
[EventCountry "IRL"]
[SourceTitle "playchess.com"]
[Source "ChessBase"]
[SourceQuality "1"]
[TimeControl "5400+30"]

1. d4 e6 2. c4 f5 3. Nc3 Nf6 4. Nf3 Bb4 5. Qc2 b6 6. Bf4 Bb7 7. h3 O-O 8. e3 d6 9. Bh2 Nbd7 10. Bd3 Qe8 11. O-O-O Bxc3 12. Qxc3 Ne4 13. Qc2 Rc8 14. Ng1 Nef6 15. f3 d5 16. c5 bxc5 17. dxc5 Bc6 18. Ba6 Qe7 19. Bxc8 Rxc8 20. Ne2 Nxc5 21. b4 Na6 22. Qxc6 Nxb4 23. Qa4 c5 24. a3 Nc6 25. Kd2 Nd7 26. Ke1 Nb6 27. Qf4 Nc4 28. h4 h6 29. h5 e5 30. Qxf5 Rf8 31. Qd3 Rd8 32. Rb1 Qh4+ 33. Ng3 e4 34. Qe2 N6e5 35. Kf1 Rf8 36. f4 Ng4 37. Kg1 Ngxe3 38. Nf1 Nf5 39. Rd1 Nd4 40. Qf2 Qxh5 41. Rc1 Ne2+ 0-1

[Event "Philip Hogarty Memorial IM 2019"]
[Site "Stillorgan"]
[Date "2019.01.05"]
[Round "6"]
[White "O`Gorman, Tom"]
[Black "Delaney, Killian"]
[Result "1-0"]
[ECO "B32"]
[WhiteElo "2153"]
[BlackElo "2201"]
[Annotator "NA"]
[PlyCount "73"]
[EventDate "2019.01.02"]
[EventType "tourn"]
[EventCountry "IRL"]
[SourceTitle "playchess.com"]
[Source "ChessBase"]
[SourceQuality "1"]
[TimeControl "5400+30"]

1. e4 c5 2. Nf3 Nc6 3. d4 cxd4 4. Nxd4 e5 5. Nb5 a6 6. Nd6+ Bxd6 7. Qxd6 Qf6 8. Qd1 Qg6 9. Nc3 d5 10. Nxd5 Qxe4+ 11. Be3 Nd4 12. Nc7+ Ke7 13. Qd3 Nxc2+ 14. Kd2 Qxd3+ 15. Bxd3 Nxe3 16. Nxa8 Nxg2 17. Rac1 Nf6 18. Nb6 Be6 19. Rc7+ Kd6 20. Rhc1 e4 21. Bf1 Nh4 22. Rxb7 Nf3+ 23. Kd1 Ke5 24. Bxa6 Rd8+ 25. Kc2 Rd2+ 26. Kb1 Rxf2 27. Na4 Nd5 28. Nc5 Rxh2 29. a4 Bf5 30. a5 e3+ 31. Bd3 e2 32. Bxf5 Kxf5 33. Rxf7+ Nf6 34. a6 Rh4 35. Re7 e1=Q 36. Rexe1 Nxe1 37. a7 1-0

[Event "Philip Hogarty Memorial IM 2019"]
[Site "Stillorgan"]
[Date "2019.01.05"]
[Round "7"]
[White "Wall, Gavin"]
[Black "Nilssen, Ellen Fredericia"]
[Result "1-0"]
[ECO "C43"]
[WhiteElo "2330"]
[BlackElo "2181"]
[Annotator "NA"]
[PlyCount "57"]
[EventDate "2019.01.02"]
[EventType "tourn"]
[EventCountry "IRL"]
[SourceTitle "playchess.com"]
[Source "ChessBase"]
[SourceQuality "1"]
[TimeControl "5400+30"]

1. e4 e5 2. Nf3 Nf6 3. d4 exd4 4. e5 Nd5 5. Qxd4 Nb6 6. Bf4 Nc6 7. Qe4 Qe7 8. Nc3 Qb4 9. O-O-O Qxe4 10. Nxe4 Be7 11. c4 d6 12. exd6 cxd6 13. Nxd6+ Bxd6 14. Bxd6 Be6 15. Ng5 O-O-O 16. Nxe6 fxe6 17. g3 Rhe8 18. b3 Na8 19. Bh3 Rd7 20. Rhe1 Nd8 21. b4 Nc7 22. b5 g6 23. a4 Rf7 24. f4 Rd7 25. c5 Rf7 26. Kc2 Rd7 27. Kb3 Rf7 28. b6 axb6 29. cxb6 1-0

[Event "Philip Hogarty Memorial IM 2019"]
[Site "Stillorgan"]
[Date "2019.01.05"]
[Round "7"]
[White "Delaney, Killian"]
[Black "Sodoma, Jan"]
[Result "0-1"]
[ECO "A19"]
[WhiteElo "2201"]
[BlackElo "2324"]
[Annotator "NA"]
[PlyCount "40"]
[EventDate "2019.01.02"]
[EventType "tourn"]
[EventCountry "IRL"]
[SourceTitle "playchess.com"]
[Source "ChessBase"]
[SourceQuality "1"]
[TimeControl "5400+30"]

1. c4 Nf6 2. Nc3 e6 3. e4 c5 4. e5 Ng8 5. Nf3 Nc6 6. d4 cxd4 7. Nxd4 Nxe5 8. Ndb5 d6 9. c5 a6 10. cxd6 axb5 11. Nxb5 f6 12. f4 Nc6 13. f5 Kf7 14. Qh5+ g6 15. fxg6+ Kg7 16. gxh7 Rxh7 17. Qg4+ Kh8 18. Qg3 Nh6 19. Bd3 Nf5 20. Qg6 Ne5 0-1

[Event "Philip Hogarty Memorial IM 2019"]
[Site "Stillorgan"]
[Date "2019.01.05"]
[Round "7"]
[White "Li, Henry"]
[Black "O`Gorman, Tom"]
[Result "1-0"]
[ECO "B99"]
[WhiteElo "2193"]
[BlackElo "2153"]
[Annotator "NA"]
[PlyCount "57"]
[EventDate "2019.01.02"]
[EventType "tourn"]
[EventCountry "IRL"]
[SourceTitle "playchess.com"]
[Source "ChessBase"]
[SourceQuality "1"]
[TimeControl "5400+30"]

1. e4 c5 2. Nf3 d6 3. d4 cxd4 4. Nxd4 Nf6 5. Nc3 a6 6. Bg5 e6 7. f4 Be7 8. Qf3 Qc7 9. O-O-O Nbd7 10. f5 e5 11. Nde2 b5 12. Bxf6 Nxf6 13. Nd5 Nxd5 14. exd5 Bd7 15. Ng3 Rc8 16. Bd3 a5 17. Nh5 g6 18. Ng7+ Kf8 19. fxg6 hxg6 20. Ne6+ Bxe6 21. dxe6 f6 22. Bxg6 Qc4 23. Kb1 Rd8 24. Rd5 a4 25. Bd3 Qc8 26. Qf5 b4 27. g4 Rg8 28. Rf1 Qc6 29. Qh7 1-0

[Event "Philip Hogarty Memorial IM 2019"]
[Site "Stillorgan"]
[Date "2019.01.05"]
[Round "7"]
[White "Melaugh, Shane"]
[Black "Brady, Stephen"]
[Result "0-1"]
[ECO "A36"]
[WhiteElo "2169"]
[BlackElo "2314"]
[Annotator "NA"]
[PlyCount "96"]
[EventDate "2019.01.02"]
[EventType "tourn"]
[EventCountry "IRL"]
[SourceTitle "playchess.com"]
[Source "ChessBase"]
[SourceQuality "1"]
[TimeControl "5400+30"]

1. c4 c5 2. Nc3 g6 3. g3 Bg7 4. Bg2 Nc6 5. e3 Nh6 6. Nge2 Nf5 7. a3 d6 8. d3 Rb8 9. Rb1 Bd7 10. b4 b6 11. O-O O-O 12. b5 Ne5 13. h3 Bc8 14. f4 Nd7 15. e4 Nxg3 16. Nxg3 Bxc3 17. Bb2 Bxb2 18. Rxb2 e6 19. d4 Qh4 20. Kh2 Bb7 21. d5 exd5 22. exd5 Rbe8 23. Ne4 Qe7 24. Rbf2 Nf6 25. Re1 Nxe4 26. Rxe4 Qh4 27. Rfe2 Rxe4 28. Rxe4 Bc8 29. Qf3 Bf5 30. Re3 Qd8 31. Qe2 Bd7 32. Be4 Re8 33. Bd3 Rxe3 34. Qxe3 Qf6 35. Be4 Kg7 36. Bg2 Bf5 37. Kg3 Kf8 38. Bf3 h5 39. h4 Qa1 40. Bg2 Qd1 41. Be4 Qg4+ 42. Kf2 Qxh4+ 43. Ke2 Bxe4 44. Qxe4 Qe7 45. Ke3 Qxe4+ 46. Kxe4 Ke7 47. f5 g5 48. a4 Kf6 0-1

[Event "Philip Hogarty Memorial IM 2019"]
[Site "Stillorgan"]
[Date "2019.01.06"]
[Round "8"]
[White "Sodoma, Jan"]
[Black "Nilssen, Ellen Fredericia"]
[Result "1-0"]
[ECO "E67"]
[WhiteElo "2324"]
[BlackElo "2181"]
[Annotator "NA"]
[PlyCount "97"]
[EventDate "2019.01.02"]
[EventType "tourn"]
[EventCountry "IRL"]
[SourceTitle "playchess.com"]
[Source "ChessBase"]
[SourceQuality "1"]
[TimeControl "5400+30"]

1. Nf3 Nf6 2. c4 g6 3. b3 Bg7 4. Bb2 O-O 5. g3 d6 6. d4 Nbd7 7. Bg2 c6 8. O-O Re8 9. Nc3 e5 10. dxe5 dxe5 11. Ng5 Qc7 12. Nge4 Rd8 13. Qd6 Qxd6 14. Nxd6 Nf8 15. Nxc8 Raxc8 16. Bh3 Ra8 17. Rfd1 h5 18. Na4 N6h7 19. Nc5 Ng5 20. Bg2 Rxd1+ 21. Rxd1 Rb8 22. Kf1 f5 23. e4 Nf7 24. Ke1 f4 25. h4 fxg3 26. fxg3 b6 27. Na6 Rd8 28. Nb4 Rxd1+ 29. Kxd1 Nd8 30. Bh3 Bf6 31. c5 Kg7 32. cxb6 axb6 33. Nd3 Nf7 34. b4 Kh6 35. a4 g5 36. hxg5+ Kxg5 37. a5 bxa5 38. bxa5 Bd8 39. a6 Bb6 40. Nxe5 Nxe5 41. Bxe5 Ng6 42. Bb8 h4 43. gxh4+ Nxh4 44. Ke2 Ng6 45. Bf5 Ne7 46. Bd7 Kf6 47. a7 Bxa7 48. Bxa7 Ke5 49. Kd3 1-0

[Event "Philip Hogarty Memorial IM 2019"]
[Site "Stillorgan"]
[Date "2019.01.06"]
[Round "8"]
[White "Brady, Stephen"]
[Black "Wall, Gavin"]
[Result "1-0"]
[ECO "C41"]
[WhiteElo "2314"]
[BlackElo "2330"]
[Annotator "NA"]
[PlyCount "59"]
[EventDate "2019.01.02"]
[EventType "tourn"]
[EventCountry "IRL"]
[SourceTitle "playchess.com"]
[Source "ChessBase"]
[SourceQuality "1"]
[TimeControl "5400+30"]

1. e4 e5 2. Nf3 d6 3. d4 exd4 4. Nxd4 Nf6 5. Nc3 Be7 6. g3 O-O 7. Bg2 Re8 8. O-O c6 9. h3 Bf8 10. b3 a5 11. a4 Na6 12. Bb2 Nb4 13. Re1 d5 14. e5 Bc5 15. Re2 Nd7 16. e6 Nf6 17. exf7+ Kxf7 18. Rxe8 Qxe8 19. Na2 Nxa2 20. Rxa2 Bd7 21. Ra1 Qc8 22. Kh2 Qc7 23. Qf3 Kg8 24. Re1 Ne4 25. Qh5 Nxf2 26. Nb5 Qd8 27. Bxd5+ Kh8 28. Bf7 cxb5 29. Qxc5 Nxh3 30. Qd4 1-0

[Event "Philip Hogarty Memorial IM 2019"]
[Site "Stillorgan"]
[Date "2019.01.06"]
[Round "8"]
[White "De Verdier, Michael"]
[Black "Melaugh, Shane"]
[Result "1-0"]
[ECO "C01"]
[WhiteElo "2277"]
[BlackElo "2169"]
[Annotator "NA"]
[PlyCount "75"]
[EventDate "2019.01.02"]
[EventType "tourn"]
[EventCountry "IRL"]
[SourceTitle "playchess.com"]
[Source "ChessBase"]
[SourceQuality "1"]
[TimeControl "5400+30"]

1. d4 e6 2. e4 d5 3. exd5 exd5 4. Nf3 Bd6 5. c4 c6 6. Nc3 Ne7 7. Bd3 Bg4 8. O-O h6 9. cxd5 cxd5 10. h3 Be6 11. Nb5 O-O 12. Nxd6 Qxd6 13. Re1 Nbc6 14. a3 a6 15. Bd2 Rfc8 16. Bc3 b5 17. Qd2 Bf5 18. Bf1 Be4 19. Ne5 f6 20. Nd3 Re8 21. Nc5 Ng6 22. a4 bxa4 23. Rxa4 a5 24. Bxa5 Reb8 25. Bc3 Rxa4 26. Nxa4 Nge7 27. Nc5 Bf5 28. Ra1 Nc8 29. b4 N8a7 30. Qe3 Nb5 31. Bxb5 Rxb5 32. Qe8+ Kh7 33. Ra6 Qf4 34. Rxc6 Rxc5 35. Rxc5 Be4 36. Qb5 Bxg2 37. Kxg2 Qe4+ 38. Kg1 1-0

[Event "Philip Hogarty Memorial IM 2019"]
[Site "Stillorgan"]
[Date "2019.01.06"]
[Round "8"]
[White "Delaney, Killian"]
[Black "Li, Henry"]
[Result "1/2-1/2"]
[ECO "C83"]
[WhiteElo "2201"]
[BlackElo "2193"]
[Annotator "NA"]
[PlyCount "48"]
[EventDate "2019.01.02"]
[EventType "tourn"]
[EventCountry "IRL"]
[SourceTitle "playchess.com"]
[Source "ChessBase"]
[SourceQuality "1"]
[TimeControl "5400+30"]

1. e4 e5 2. Nf3 Nc6 3. Bb5 a6 4. Ba4 Nf6 5. O-O Nxe4 6. d4 b5 7. Bb3 d5 8. dxe5 Be6 9. Nbd2 Nc5 10. c3 Be7 11. Bc2 d4 12. Nb3 d3 13. Nxc5 dxc2 14. Qxd8+ Rxd8 15. Nxe6 fxe6 16. Be3 Rd5 17. Rac1 Nxe5 18. Nxe5 Rxe5 19. Rxc2 Kf7 20. c4 b4 21. Rd1 Rd8 22. Rxd8 Bxd8 23. Kf1 Bg5 24. Ba7 Be7 1/2-1/2

[Event "Philip Hogarty Memorial IM 2019"]
[Site "Stillorgan"]
[Date "2019.01.06"]
[Round "8"]
[White "O`Gorman, Tom"]
[Black "Greet, Andrew N"]
[Result "0-1"]
[ECO "C07"]
[WhiteElo "2153"]
[BlackElo "2420"]
[Annotator "NA RC"]
[PlyCount "74"]
[EventDate "2019.01.02"]
[EventType "tourn"]
[EventCountry "IRL"]
[SourceTitle "playchess.com"]
[Source "ChessBase"]
[SourceQuality "1"]
[TimeControl "5400+30"]

1. e4 e6 2. d4 d5 3. Nd2 c5 4. exd5 Qxd5 5. Ngf3 cxd4 6. Bc4 Qd6 7. O-O Nf6 8. Nb3 Nc6 9. Nbxd4 Nxd4 10. Nxd4 Be7 11. b3 O-O 12. Bb2 Qf4 13. Qe2 Bc5 14. Nf3 b6 15. Ba6 Qe4 16. Qxe4 Nxe4 17. Bxc8 Raxc8 18. Rae1 Bxf2+ 19. Rxf2 Nxf2 20. Kxf2 Rxc2+ 21. Re2 Rfc8 22. Ne1 Rxe2+ 23. Kxe2 f6 24. Kd3 Kf7 25. Nc2 e5 26. a4 Ke6 27. g4 Rd8+ 28. Ke2 h5 29. h3 hxg4 30. hxg4 Rh8 31. Bc1 g6 32. Na3 Rh4 33. g5 fxg5 34. Nc4 g4 35. Ne3 Rh2+ 36. Ke1 g3 37. Ba3 Ra2 0-1